groovejumper, neutral female human Wizard ------ ----------- --.>|(------ |.........| |..........| |.........| |.0-----0-.| |.........| |..|..@|...| |....<....| |.0..aa.0.-| |.........| |......0|..| |.........| |.----..--.| |.........| |.....[..|.-- |.........| |.---.-.[...------------+| |...|...-.............^^.| |.....%...---------------- -----..|..| ------- groovejumper the Thaumaturge Experience level: 8 Strength: 13 Dexterity: 18 Constitution: 11 Intelligence: 18 Wisdom: 11 Charisma: 10 Health: 0(50) Energy: 74(89) AC: 7 Gold: 853 Moves: 4719 Your Inventory: Coins $ - 853 gold pieces Weapons a - a blessed +1 quarterstaff (weapon in hands) Armor b - an uncursed +0 cloak of magic resistance (being worn) O - an [uncursed] +0 leather armor (being worn) Comestibles G - 2 [uncursed] food rations P - 2 [uncursed] fortune cookies Q - an [uncursed] lichen corpse R - an [uncursed] sprig of wolfsbane S - 2 [uncursed] cram rations W - 2 [uncursed] tripe rations Scrolls i - 2 uncursed scrolls of light B - an [uncursed] scroll labeled XIXAXA XOXAXA XUXAXA [of scare monster] D - a [blessed] scroll labeled DAIYEN FOOELS [of confuse monster] F - a [blessed] scroll called earth [of earth] H - an [uncursed] scroll called earth [of earth] J - a [blessed] scroll labeled GHOTI [of enchant weapon] K - 2 [uncursed] scrolls called remove curse [of remove curse] L - an [uncursed] scroll labeled GHOTI [of enchant weapon] M - an [uncursed] scroll labeled GARVEN DEH [of flood] Potions f - 2 uncursed potions of healing g - 2 uncursed potions of full healing h - a blessed potion of blindness n - 3 uncursed potions of water x - an uncursed potion of sickness y - an uncursed potion of levitation C - an [uncursed] black potion [of sleeping] T - an [uncursed] murky potion [of monster detection] Rings d - an uncursed ring of conflict e - an uncursed +2 ring of gain dexterity (on right hand) Wands j - an [uncursed] wand of polymorph [0:8] t - an [uncursed] crusty wand [of undead turning (0:7)] v - an uncursed wand of polymorph (0:8) z - an uncursed wand of striking (0:7) I - an [uncursed] forked wand [of sleep (0:7)] U - an [uncursed] chrome wand [of slow monster (0:7)] V - an [uncursed] iridium wand [of digging (0:6)] Tools s - a [cursed magic] lamp Y - an [uncursed] towel Spells known in the end: Name Level Category Fail Memory a - force bolt 1 attack 0% [|||||||.] b - magic missile 2 attack 0% [|||||||.] Your skills at the end: Fighting Skills Weapon Skills quarterstaff [Basic / Expert] Spellcasting Skills attack spells [Basic / Expert] enchantment spells [Basic / Skilled] Final Attributes: You were piously aligned. Hunger level was 500. Your alignment was 29 / 33. Monster difficulty range was 0 - 6. Level difficulty was 5. You were magic-protected. Your luck was zero. You are dead. Vanquished creatures: 2 small mimics 2 wolves a dog an imp 5 Mordor orcs a rock piercer 2 enormous rats a rock mole a pony 2 shriekers a violet fungus a gnome lord a gnomish wizard a kobold mummy a guardian naga hatchling a wax golem a giant ant 4 floating eyes a dwarf a kobold shaman 2 hill orcs a rothe a centipede 2 Kop Sergeants 2 dwarf zombies a werejackal 4 iguanas 2 killer bees an acid blob 4 coyotes a hobbit 10 manes 2 hobgoblins 2 giant rats a cave spider a yellow mold 3 red molds 9 gnomes 12 Keystone Kops 2 geckos 2 foxes 2 goblins 3 grid bugs a bat 5 lichens a kobold zombie 3 newts 111 creatures vanquished. Voluntary challenges: You used a wielded weapon 88 times. You read items or engraved 11 times. You put on armor 12 times. You never genocided any monsters. You never polymorphed an object. You never changed form. You used no wishes. You wrote Elbereth's name 4 times. You never encountered a bones level. You used 1 Sokoban shortcut. Dungeon overview: The Dungeons of Doom: levels 1 to 6 Level 1 a long staircase Level 2 stairs to The Gnomish Mines Level 3 a fountain, a sink Level 4 a general store, a sink Level 5 many fountains Level 6 stairs to Sokoban The Gnomish Mines: Level 3 stairs to The Dungeons of Doom Sokoban: Level 5 <- You were here a magic chest stairs to The Dungeons of Doom History has recorded: On T:1 you entered the Dungeons of Doom to retrieve the Amulet of Yendor! On T:232 you advanced to experience level 2. On T:334 you reached level 2 of The Dungeons of Doom. On T:379 you advanced to experience level 3. On T:611 you reached level 1 of The Gnomish Mines. On T:618 you advanced to experience level 4. On T:636 you advanced to experience level 5. On T:851 you reached level 3 of The Dungeons of Doom. On T:1213 you reached level 4 of The Dungeons of Doom. On T:1240 you advanced to experience level 6. On T:1625 you advanced to experience level 7. On T:1936 you reached level 5 of The Dungeons of Doom. On T:2785 you reached level 6 of The Dungeons of Doom. On T:3024 you reached level 3 of Sokoban. On T:3323 you advanced to experience level 8. Latest messages: Something is written here in the dust. You read: "E|bereth". The killer bee stings! (2x) [HP-3=31] [2 turns] The killer bee stings! [HP-3=28] The spell misses the killer bee. The killer bee stings! (4x) [HP-9=19] The spell misses the killer bee. The killer bee stings! (8x) [HP-18=1] [2 turns] The spell hits the killer bee! You kill the killer bee! The killer bee stings! You die... Final status: Goodbye groovejumper the Wizard... You died in Sokoban on dungeon level 5 with 3370 points, and 853 pieces of gold, after 4719 moves. You were level 8 with a maximum of 50 hit points when you died.